Unix NetHack Version 5.0.0-0 post-release - last build Jun 10 2026 00:39:30 (3ee93aec679c4c4259841fe613dc97188e26a321,branch:main).

Game began 2026-06-12 20:37:44, ended 2026-06-12 20:56:52.

Drastanta, lawful male human Samurai

                                   ...
                                   ...          .|
                                   -...<-----.....0---.
                                   |).).)...[....*.--...
                                   --).|.--.........)h..
                                    ------ ..).)..%.....
                                           --........@..
                                            --.--...G...
                                              .|    ...
                                              .|
                                              -

Drastanta the Ronin    St:17 Dx:12 Co:18 In:10 Wi:9 Ch:8  Lawful
Dlvl:6  $:17 HP:0(51) Pw:14(14) AC:4  Xp:5 T:1804  Burdened

Latest messages:
 You hear crashing rock.
 You hear crashing rock.
 A dart misses you.
 The gnome misses!
 You kill the gnome!
 You see here 6 darts.
 A crossbow bolt misses you.
 You are hit by a crossbow bolt.
 You are almost hit by a crossbow bolt.
 You are hit by a crossbow bolt.
 The gnome lord swings his crossbow.
 The gnome lord misses!
 The crossbow bolt hits the gnome lord!
 The crossbow bolt hits the gnome lord.
 You kill the gnome lord!
 There are several objects here.
 Hachi eats a gnome lord corpse.
 You kill the gnome!
 You see here a partly used candle (lit).
 A crossbow bolt misses you.
 A crossbow bolt misses you.
 You have a little trouble lifting E - a partly used candle (lit).
 You are hit by a crossbow bolt.
 A crossbow bolt misses you.
 The gnome swings her crossbow.
 The gnome hits!
 You hit the gnome.
 You kill the gnome!
 Hachi misses the gnome.
 You feel more confident in your weapon skills.
 (Tip: use the #enhance command to advance them.)
 You kill the gnome!
 Hachi eats a gnome corpse.
 You swap places with Hachi.
 You are now more skilled in long sword.
 You swap places with Hachi.
 You are hit by a crossbow bolt!
 You are hit by a crossbow bolt!
 You are hit by a crossbow bolt.
 You are hit by a crossbow bolt!
 The gnome swings his crossbow.
 The gnome hits!
 The gnome swings his crossbow.
 The gnome hits!
 You hit the gnome.
 The gnome swings his crossbow.
 The gnome hits!
 You die...
 Do you want your possessions identified? [ynq] (y) y
 Do you want to see your attributes? [ynq] (y) q

Inventory:
 Coins    ('$')
  $ - 17 gold pieces
 Weapons  (')')
  d - 43 +0 ya (in quiver)
  c - a +0 yumi (alternate weapon; not wielded)
  a - a +0 katana (weapon in right hand)
  b - a +0 wakizashi
 Armor    ('[')
  e - an uncursed rustproof +0 splint mail (being worn)
 Comestibles  ('%')
  p - an uncursed partly eaten gunyoki
  z - an uncursed tripe ration
 Scrolls  ('?')
  A - an uncursed scroll of enchant weapon
  v - a cursed scroll of enchant weapon
  u - an uncursed scroll of magic mapping
  o - an uncursed scroll of teleportation
 Potions  ('!')
  f - an uncursed potion of acid
  m - an uncursed potion of confusion
  n - a cursed potion of gain energy
  s - a blessed potion of paralysis
  w - an uncursed potion of sake
  i - a cursed potion of see invisible
  t - an uncursed potion of speed
 Wands    ('/')
  h - a wand of digging (0:8)
  r - a wand of polymorph (0:6)
 Tools    ('(')
  y - a +0 pick-axe
  E - an uncursed partly used wax candle (lit)
 Gems/Stones  ('*')
  D - a cursed loadstone

Drastanta the Samurai's attributes:

Background:
 You were a Ronin, a level 5 male human Samurai.
 You were lawful, on a mission for Amaterasu Omikami
 who was opposed by Raijin (neutral) and Susanowo (chaotic).
 You were right-handed.
 You were in the Gnomish Mines, on level 6.
 You entered the dungeon 1804 turns ago.
 You had 290 experience points, 30 more were needed to attain level 6.

Basics:
 You had 0 out of 51 hit points.
 You had all 14 energy points (spell power).
 Your armor class was 4.
 Your wallet contained 17 zorkmids.
 Autopickup was on for '$' plus thrown.

Final Characteristics:
 Your strength was 17 (limit:18/100).
 Your dexterity was 12 (peak:13, limit:18).
 Your constitution was 18 (limit:18).
 Your intelligence was 10 (limit:18).
 Your wisdom was 9 (limit:18).
 Your charisma was 8 (limit:18).

Final Status:
 You weren't hungry.
 You were burdened; movement was slightly slowed.
 You were wielding a long sword.
 You were skilled in long sword.

Final Attributes:
 You were devoutly aligned.
 You were warded.
 You were fast.
 You are dead.

Miscellaneous:
 You didn't encounter any bones levels.
 Total elapsed playing time was 19 minutes and 7 seconds.

Major events:
 Turn
    1: Drastanta the lawful male human Samurai entered the dungeon
  633: attained the rank of Ronin (level 3)
  807: entered the Gnomish Mines
 1804: killed by a gnome

You didn't know any spells.

Skills:
 Fighting Skills
   martial arts      [Basic]
   two weapon combat [Unskilled]
   riding            [Unskilled]
 Weapon Skills
   dagger            [Unskilled]
   knife             [Unskilled]
   short sword       [Basic]
   broadsword        [Unskilled]
   long sword        [Skilled]
   two-handed sword  [Unskilled]
   saber             [Unskilled]
   flail             [Unskilled]
   quarterstaff      [Unskilled]
   polearms          [Unskilled]
   spear             [Unskilled]
   lance             [Unskilled]
   bow               [Basic]
   shuriken          [Unskilled]
 Spellcasting Skills
   attack spells     [Unskilled]
   divination spells [Unskilled]
   clerical spells   [Unskilled]

Voluntary challenges:
 Character rerolling was not enabled.
 You never genocided any monsters.
 You never polymorphed an object.
 You never changed form.
 You used no wishes.
Achievements:
 You attained the rank of Ronin.
 You entered the Gnomish Mines.
 You entered a shop.

 The Dungeons of Doom: levels 1 to 3
    Level 1:
       A grave.
    Level 2:
       An altar, a sink.
    Level 3:
       A general store.
       Stairs down to The Gnomish Mines.
 The Gnomish Mines: levels 4 to 6
    Level 4:
    Level 5:
    Level 6: <- You were here.
       Final resting place for
          you, killed by a gnome.


Vanquished creatures:
  a dog
  a bugbear
 an imp
  5 gnome leaders
  2 dwarves
  a kobold leader
  a rothe
  a giant bat
 an iguana
 an acid blob
  2 gas spores
  2 hobbits
  a yellow mold
 22 gnomes
  4 jackals
  2 foxes
  3 goblins
  a sewer rat
  4 grid bugs
  a lichen
  a kobold zombie
  2 newts
60 creatures vanquished.

No species were genocided or became extinct.

Game over:
                       ----------
                      /          \
                     /    REST    \
                    /      IN      \
                   /     PEACE      \
                  /                  \
                  |    Drastanta     |
                  |      17 Au       |
                  |   killed by a    |
                  |      gnome       |
                  |                  |
                  |                  |
                  |       2026       |
                 *|     *  *  *      | *
        _________)/\\_//(\/(/\)/\//\/|_)_______

Sayonara Drastanta the Samurai...

You died in The Gnomish Mines on dungeon level 6 with 1436 points,
and 17 pieces of gold, after 1804 moves.
You were level 5 with a maximum of 51 hit points when you died.

